 Dungeon Crawl Stone Soup version 0.27-a0-263-gc8dee61f84 (webtiles) character file.

Game seed: 8495683746082339692

34 greenwhat the Cudgeller (level 3, 0/29 HPs)
             Began as a Human Berserker on Feb 5, 2021.
             Was a Believer of Trog.
             Slain by a gnoll
             ... wielding a +0 whip
              (2 damage)
             ... on level 1 of the Dungeon.
             The game lasted 00:09:47 (628 turns).

greenwhat the Cudgeller (Human Berserker)            Turns: 628, Time: 00:09:48

Health: 0/29       AC:  8    Str: 18    XL:     3   Next: 50%
Magic:  3/3        EV:  8    Int:  7    God:    Trog [**....]
Gold:   78         SH:  0    Dex: 12    Spells: 2/2 levels left

rFire    . . .     SeeInvis .   a - +0 mace
rCold    . . .     Faith    .   (no shield)
rNeg     . . .     Spirit   .   h - +0 chain mail
rPois    .         Reflect  .   (no helmet)
rElec    .         Harm     .   (no cloak)
rCorr    .         Rampage  .   (no gloves)
Will     .....                  (no boots)
Stlth    ..........             (no amulet)
HPRegen  0.09/turn              (no ring)
MPRegen  0.08/turn              (no ring)

@: berserk cooldown, slowed, very slow
A: no striking features
a: Renounce Religion, Berserk, Trog's Hand


You were on level 1 of the Dungeon.
You worshipped Trog.
Trog was pleased with you.
You visited 1 branch of the dungeon, and saw 2 of its levels.

You collected 78 gold pieces.

Inventory:

Hand Weapons
 a - a +0 mace (weapon)
Missiles
 f - 5 stones (quivered)
Armour
 b - a +0 animal skin
 h - a +0 chain mail (worn)
Scrolls
 e - a scroll of remove curse {unknown}
 g - a scroll of identify {unknown}
Potions
 c - 2 potions of degeneration {unknown}
 d - a potion of curing {unknown}


   Skills:
 + Level 3.2 Fighting
 + Level 3.4 Maces & Flails
 + Level 2.0 Armour
 + Level 2.9 Dodging


You had 2 spell levels left.
You didn't know any spells.
Your spell library was empty.

Dungeon Overview and Level Annotations

Branches:
Dungeon (2/15)

Altars:


Message History

The goblin hits you but does no damage.
You feel a strong urge to attack something.
You feel your anger nearly subside.
You are no longer berserk.
Trog's vigour flows through your veins.
You are exhausted.
You feel yourself slow down. The gnoll hits you but does no damage.
The hobgoblin hits you with a +0 club.
* * * LOW HITPOINT WARNING * * *
The goblin hits you but does no damage.
You hit the gnoll.
The gnoll is lightly wounded.
The gnoll barely misses you.
The hobgoblin hits you but does no damage.
The goblin closely misses you. The gnoll hits you but does no damage.
The hobgoblin hits you but does no damage.
You barely miss the gnoll.
The gnoll is lightly wounded.
The goblin hits you but does no damage. The gnoll hits you with a +0 whip.
You die...

#.###.##..
#.....#.###
#......#
####....###
#...†.....#
#.........#
#.........#
####....###
#..@.#
#.ggg#
##...#
#..†.......
#....######
#.[...#
#...[##
#....#
#....#


You could see a gnoll, a hobgoblin and a goblin.

Vanquished Creatures
  An adder (D:2)
  2 dart slugs (D:1)
  2 leopard geckos (D:1)
  3 goblins
  2 hobgoblins (D:1)
  2 bats
  A frilled lizard (D:1)
  3 kobolds (D:1)
  4 rats (D:1)
20 creatures vanquished.

Notes
Turn   | Place    | Note
-------+----------+-------------------------------------------
     0 | D:1      | greenwhat the Human Berserker began the quest for the Orb.
     0 | D:1      | Reached XP level 1. HP: 18/18 MP: 1/1
   209 | D:1      | Reached XP level 2. HP: 9/24 MP: 2/2
   489 | D:2      | Reached XP level 3. HP: 29/29 MP: 3/3
   603 | D:1      | Reached ** piety under Trog
   628 | D:1      | Slain by a gnoll

Illustrated notes

Levels and vault maps discovered:
D:1:      dpeg_arrival_shelter, layout_loops_ring, minmay_tetromino_l2
D:2:      minmay_spotlight, layout_basic, uniq_sigmund

Action                   || total
-------------------------++-------
Melee: Mace              ||    77
Throw: Stone             ||     5
Invok: Berserk           ||     1
Armor: Animal skin       ||    22
       Chain mail        ||    39
Dodge: Dodged            ||    73

Table legend: (Time is in decaauts)
 A = Elapsed time spent in this place.
 B = Non-inter-level travel time spent in this place.
 C = Inter-level travel time spent in this place.
 D = Time resting spent in this place.
 E = Time spent auto-exploring this place.
 F = Levels seen in this place.
 G = Mean time per level.
                   A        B        C        D        E       F      G
               +--------+--------+--------+--------+--------+-----+--------+
         Total |    645 |    645 |      0 |    172 |      0 |   2 |  322.5 |
       Dungeon |    645 |    645 |      0 |    172 |      0 |   2 |  322.5 |
               +--------+--------+--------+--------+--------+-----+--------+

Top non-repeatable levels by time:
     D:1: 347 daAuts
     D:2: 298 daAuts
